 Dungeon Crawl Stone Soup version 0.22.0-13-g43fe8f2 (webtiles) character file.

2816 Dietz the Fighter (level 9, -1/111 HPs)
             Began as a Gnoll Abyssal Knight on Aug 17, 2018.
             Was an Elder of Lugonu.
             Slain by a killer bee (2 damage)
             ... on level 8 of the Dungeon.
             The game lasted 00:18:00 (8154 turns).

Dietz the Fighter (Gnoll Abyssal Knight)            Turns: 8154, Time: 00:18:01

Health: -1/111     AC: 27    Str: 15    XL:     9   Next: 72%
Magic:  23/24      EV:  2    Int: 15    God:    Lugonu [****..]
Gold:   219        SH:  3    Dex: 17    Spells: 16/16 levels left

rFire    . . .     SeeInvis .   a - +1 falchion
rCold    . . .     Gourm    .   (no shield)
rNeg     + + +     Faith    .   (armour currently unavailable)
rPois    +         Spirit   .   (helmet currently unavailable)
rElec    .         Reflect  +   (cloak currently unavailable)
rCorr    .         Harm     .   (gloves currently unavailable)
MR       .....     NoTele   +   (boots currently unavailable)
Stlth    +++.......             G - +3 amulet of reflection
HPRegen  0.28/turn              v - ring of magical power
MPRegen  0.19/turn              p - +3 ring of protection

@: tree-form (expiring)
A: distributed training, strong nose
a: Depart the Abyss, Bend Space, Banish, Corrupt, Renounce Religion


You were on level 8 of the Dungeon.
You worshipped Lugonu.
Lugonu was greatly pleased with you.
You were not hungry.
You were a tree.
You visited 2 branches of the dungeon, and saw 9 of its levels.
You visited the Abyss 1 time.

You collected 219 gold pieces.

Inventory:

Hand Weapons
 a - a +1 falchion (weapon)
 b - a +1 flail of draining
 g - a +1 dagger of draining
 K - a +0 whip of freezing
Missiles
 d - 294 stones (quivered)
 j - 20 sling bullets
 m - 14 poisoned needles
 n - 53 bolts
 s - 63 arrows
Armour
 l - a +2 helmet of see invisible (melded)
 q - a +0 ring mail (melded)
Jewellery
 o - an uncursed ring of ice
 p - a +3 ring of protection (right branch)
 r - an uncursed ring of see invisible
 v - a ring of magical power (left branch)
 F - a -2 ring of evasion
 G - a +3 amulet of reflection (around neck)
Wands
 k - a wand of polymorph (13)
 t - a wand of paralysis (15)
 y - a wand of clouds (9)
 D - a wand of flame (36)
 L - a wand of enslavement (15)
Scrolls
 f - 2 scrolls of enchant armour {unknown}
 h - a scroll of remove curse
 u - a scroll of amnesia
 x - 2 scrolls of blinking {unknown}
 A - 2 scrolls of teleportation {unknown}
 C - a scroll of immolation
 E - a scroll of fog {unknown}
 H - a scroll of identify
 I - 4 scrolls of vulnerability {unknown}
 J - a scroll of noise {unknown}
Potions
 e - 3 potions of agility
 z - 2 potions of invisibility
 B - 3 potions of heal wounds {unknown}
Comestibles
 c - 7 rations


   Skills:
 + Level 8.0 Fighting
 + Level 4.4 Short Blades
 + Level 6.4 Long Blades
 + Level 4.4 Axes
 + Level 4.4 Maces & Flails
 + Level 4.4 Polearms
 + Level 4.4 Staves
 + Level 4.4 Slings
 + Level 4.4 Bows
 + Level 4.4 Crossbows
 + Level 4.4 Throwing
 + Level 6.4 Armour
 + Level 5.2 Dodging
 + Level 4.4 Stealth
 + Level 4.4 Shields
 + Level 4.4 Unarmed Combat
 + Level 4.4 Spellcasting
 + Level 3.6 Conjurations
 + Level 3.6 Hexes
 + Level 3.6 Charms
 + Level 3.6 Summonings
 + Level 3.6 Necromancy
 + Level 3.6 Translocations
 + Level 3.6 Transmutations
 + Level 3.6 Fire Magic
 + Level 3.6 Ice Magic
 + Level 3.6 Air Magic
 + Level 3.6 Earth Magic
 + Level 3.6 Poison Magic
 + Level 6.8 Invocations
 + Level 4.4 Evocations


You had 16 spell levels left.
You didn't know any spells.
Your spell library was empty.

Dungeon Overview and Level Annotations

Branches:
Dungeon (8/15)             Temple (1/1) D:4
   Lair: D:8-11

Altars:
Ashenzari
Cheibriados
Dithmenos
Elyvilon
Hepliaklqana
Kikubaaqudgha
Makhleb
Nemelex Xobeh
Okawaru
Qazlal
Ru
Sif Muna
Trog
Uskayaw
Vehumet
Wu Jian
Xom
Yredelemnul
Zin
The Shining One

Shops:
D:4 *


Innate Abilities, Weirdness & Mutations

Your experience applies equally to all skills.
((You have very sharp teeth.))
Your uncanny sense of smell can sniff out nearby items.


Message History

It was a scroll of immolation.
The killer bee stings you.
* * * LOW HITPOINT WARNING * * *
The killer bee stings you.
* * * LOW HITPOINT WARNING * * *
The killer bee stings you but does no damage. x4
The killer bee stings you.
* * * LOW HITPOINT WARNING * * *
The killer bee stings you but does no damage.
The killer bee completely misses you.
The killer bee stings you but does no damage.
Unknown command.
Remove which piece of jewellery? (? for menu, Esc to quit)
Okay, then.
Okay, then.
As you read the scroll labeled XAWOQ BU WIEDIDOACW, it crumbles to dust.
It is a scroll of amnesia.
You feel forgetful for a moment.
The killer bee stings you but does no damage. x6
The killer bee stings you.
You die...

.###..... #.
....#..#.#...
.....##.... ..... ...
..##... ..#
........###.#######
.....# #.†.yy.......
.....# #.#.y♣.......
....# #)..yy....... ...#
#..##<.......
#.###..##........
∆.######...#.###........
.........#>...##........
.#######.......##..#####
...(.# #...#......##
.....###..##....###


You could see 5 killer bees.

Vanquished Creatures
  Pikel (D:7)
  Prince Ribbit (D:7)
  A hippogriff (D:7)
  Sigmund (D:5)
  Duvessa (D:7)
  An ice beast (D:5)
  3 ogres
  A sky beast (D:4)
  Dowan (D:7)
  3 scorpions
  A water moccasin skeleton (D:3)
  5 killer bees
  A crimson imp (D:8)
  2 hounds
  An orc priest (D:4)
  A jelly (D:5)
  A bullfrog skeleton (D:5)
  A centaur skeleton (D:7)
  An orc wizard (D:4)
  Ijyb (D:5)
  An iguana (D:6)
  Natasha (thrice) (D:3)
  5 worker ants
  Terence (D:3)
  7 gnolls
  8 adders
  A shadow imp (D:5)
  4 worms
  4 dart slugs
  9 leopard geckos
  11 orcs
  4 ball pythons
  3 giant cockroaches
  10 goblins
  8 hobgoblins
  5 jackals
  6 quokkas
  10 bats
  9 frilled lizards
  3 kobolds
  A leopard gecko skeleton (D:5)
  6 rats
148 creatures vanquished.

Vanquished Creatures (others)
  A hippogriff (D:6)
  2 slaves (D:8)
  A bullfrog (D:8)
4 creatures vanquished.

Grand Total: 152 creatures vanquished

Notes
Turn   | Place    | Note
-------+----------+-------------------------------------------
     0 | Abyss:1  | Dietz the Gnoll Abyssal Knight began the quest for the Orb.
     0 | Abyss:1  | Reached XP level 1. HP: 23/23 MP: 3/3
     0 | D:1      | Escaped the Abyss
    66 | D:1      | Reached * piety under Lugonu
    76 | D:1      | Reached XP level 2. HP: 25/29 MP: 5/5
   106 | D:1      | Found a glowing golden altar of the Shining One.
   584 | D:1      | Reached XP level 3. HP: 34/35 MP: 6/6
  1184 | D:2      | Reached ** piety under Lugonu
  1502 | D:2      | Reached skill level 1 in Short Blades
  1502 | D:2      | Reached skill level 1 in Axes
  1502 | D:2      | Reached skill level 1 in Maces & Flails
  1502 | D:2      | Reached skill level 1 in Polearms
  1502 | D:2      | Reached skill level 1 in Staves
  1502 | D:2      | Reached skill level 1 in Slings
  1502 | D:2      | Reached skill level 1 in Bows
  1502 | D:2      | Reached skill level 1 in Crossbows
  1502 | D:2      | Reached skill level 1 in Throwing
  1502 | D:2      | Reached skill level 1 in Stealth
  1502 | D:2      | Reached skill level 1 in Shields
  1502 | D:2      | Reached skill level 1 in Unarmed Combat
  1502 | D:2      | Reached skill level 1 in Spellcasting
  1502 | D:2      | Reached skill level 1 in Evocations
  1625 | D:2      | Found a deep blue altar of Sif Muna.
  1650 | D:2      | Reached XP level 4. HP: 41/41 MP: 7/7
  1919 | D:3      | Noticed Terence
  1940 | D:3      | Killed Terence
  1940 | D:3      | Reached skill level 1 in Conjurations
  1940 | D:3      | Reached skill level 1 in Hexes
  1940 | D:3      | Reached skill level 1 in Charms
  1940 | D:3      | Reached skill level 1 in Summonings
  1940 | D:3      | Reached skill level 1 in Necromancy
  1940 | D:3      | Reached skill level 1 in Translocations
  1940 | D:3      | Reached skill level 1 in Transmutations
  1940 | D:3      | Reached skill level 1 in Fire Magic
  1940 | D:3      | Reached skill level 1 in Ice Magic
  1940 | D:3      | Reached skill level 1 in Air Magic
  1940 | D:3      | Reached skill level 1 in Earth Magic
  1940 | D:3      | Reached skill level 1 in Poison Magic
  2157 | D:3      | Reached XP level 5. HP: 41/47 MP: 8/8
  2238 | D:3      | Found a sparkling altar of Nemelex Xobeh.
  2376 | D:3      | Noticed Natasha
  2383 | D:3      | Killed Natasha
  2474 | D:3      | Noticed Natasha
  2489 | D:3      | Killed Natasha
  2489 | D:3      | Reached skill level 5 in Invocations
  2489 | D:3      | Reached XP level 6. HP: 49/53 MP: 9/9
  2626 | D:3      | Reached *** piety under Lugonu
  2665 | D:3      | Noticed Natasha
  2675 | D:3      | Killed Natasha
  2978 | D:4      | Reached skill level 5 in Long Blades
  2978 | D:4      | Reached skill level 5 in Armour
  3068 | D:4      | Noticed a sky beast
  3101 | D:4      | Killed a sky beast
  3101 | D:4      | Reached XP level 7. HP: 42/59 MP: 10/10
  3121 | D:4      | Found a hide-covered altar of Uskayaw.
  3121 | D:4      | Noticed an enchanted hand axe
  3121 | D:4      | Noticed a hand axe
  3224 | D:4      | Reached skill level 7 in Fighting
  3235 | D:4      | Found Ytiumm's Assorted Antiques.
  3800 | D:4      | Found a staircase to the Ecumenical Temple.
  3812 | Temple   | Entered the Ecumenical Temple
  3984 | D:5      | Entered Level 5 of the Dungeon
  4171 | D:5      | Noticed Ijyb
  4217 | D:5      | Killed Ijyb
  4541 | D:5      | Noticed Sigmund
  4551 | D:5      | Killed Sigmund
  4551 | D:5      | Reached XP level 8. HP: 67/67 MP: 12/12
  6180 | D:7      | Reached **** piety under Lugonu
  6280 | D:7      | Noticed Duvessa
  6280 | D:7      | Noticed Dowan
  6280 | D:7      | Noticed a hippogriff
  6482 | D:7      | Noticed Prince Ribbit
  6487 | D:7      | Killed Prince Ribbit
  6487 | D:7      | Reached XP level 9. HP: 72/72 MP: 14/14
  6584 | D:7      | Killed Duvessa
  6588 | D:7      | Killed Dowan
  7723 | D:8      | Noticed Pikel
  7983 | D:7      | Killed Pikel
  7983 | D:7      | Reached skill level 5 in Dodging
  8071 | D:8      | Reached skill level 8 in Fighting
  8150 | D:8      | HP: 1/111 [killer bee (5)]
  8154 | D:8      | Slain by a killer bee

Skill      XL: |  1  2  3  4  5  6  7  8  9 |
---------------+----------------------------+-----
Short Blades   | 1 2 3 4 |  4.4
Axes           | 1 2 3 4 |  4.4
Maces & Flails | 1 2 3 4 |  4.4
Polearms       | 1 2 3 4 |  4.4
Staves         | 1 2 3 4 |  4.4
Slings         | 1 2 3 4 |  4.4
Bows           | 1 2 3 4 |  4.4
Crossbows      | 1 2 3 4 |  4.4
Throwing       | 1 2 3 4 |  4.4
Stealth        | 1 2 3 4 |  4.4
Shields        | 1 2 3 4 |  4.4
Unarmed Combat | 1 2 3 4 |  4.4
Spellcasting   | 1 2 3 4 |  4.4
Evocations     | 1 2 3 4 |  4.4
Conjurations   | 1 2 3 |  3.6
Hexes          | 1 2 3 |  3.6
Charms         | 1 2 3 |  3.6
Summonings     | 1 2 3 |  3.6
Necromancy     | 1 2 3 |  3.6
Translocations | 1 2 3 |  3.6
Transmutations | 1 2 3 |  3.6
Fire Magic     | 1 2 3 |  3.6
Ice Magic      | 1 2 3 |  3.6
Air Magic      | 1 2 3 |  3.6
Earth Magic    | 1 2 3 |  3.6
Poison Magic   | 1 2 3 |  3.6
Dodging        | 3 4 5 |  5.2
Invocations    | 5 6 |  6.8
Long Blades    | 5 6 |  6.4
Armour         | 5 6 |  6.4
Fighting       | 7 8 |  8.0

Action                   |  1- 3 |  4- 6 |  7- 9 || total
-------------------------+-------+-------+-------++-------
Melee: Falchion          |    91 |   160 |   365 ||   616
       Bite              |     6 |    37 |    53 ||    96
       Dagger            |       |    14 |    15 ||    29
       Punch             |       |     1 |     6 ||     7
       Unarmed           |       |       |     8 ||     8
Invok: Depart the Abyss  |     1 |       |       ||     1
       Bend Space        |       |       |     3 ||     3
       Banish            |       |       |     1 ||     1
Evoke: Wand              |       |       |     3 ||     3
  Use: Scroll            |       |     2 |     7 ||     9
       Potion            |       |       |     3 ||     3
 Stab: Sleeping          |     2 |     3 |     7 ||    12
       Paralysed         |       |       |    11 ||    11
       Confused          |       |       |     1 ||     1
  Eat: Chunk             |     2 |     5 |     5 ||    12
       Ration            |       |       |     4 ||     4
Armor: Leather armour    |    18 |       |       ||    18
       Ring mail         |       |    75 |   187 ||   262
       Skin              |       |       |    81 ||    81
Dodge: Dodged            |    73 |   104 |   273 ||   450
Block: Other             |       |       |    20 ||    20
       Rpst.: Falchion   |    21 |    35 |    85 ||   141
